 Dungeon Crawl Stone Soup version 0.30.1 (webtiles) character file.

Game seed: 15043059079260322084

76883 safid the Gelid (level 15, -7/129 HPs)
             Began as a Merfolk Ice Elementalist on July 13, 2023.
             Was an Elder of Sif Muna.
             Mangled by a spectral anaconda (9 damage)
             ... called from beyond by a ghost crab
             ... on level 1 of the Swamp.
             The game lasted 01:15:34 (27321 turns).

safid the Gelid (Merfolk Ice Elementalist)         Turns: 27321, Time: 01:15:34

Health: -7/129     AC:  9    Str: 11    XL:     15   Next: 55%
Magic:  28/29      EV: 17    Int: 20    God:    Sif Muna [****..]
Gold:   2281       SH:  0    Dex: 17    Spells: 15/34 levels left

rFire   + . .        m - +7 glaive of Puiqul {spect, Dex+3}
rCold   . . .        (shield currently unavailable)
rNeg    . . .        N - +0 robe {Will+}
rPois   .            g - +2 hat
rElec   .            (no cloak)
rCorr   .            R - +0 pair of gloves
SInv    .            (boots currently unavailable)
Will    ++...        P - amulet of regeneration
Stlth   +++          h - +4 ring of protection
HPRegen 1.21/turn    B - ring of protection from fire
MPRegen 0.21/turn

%: no passive effects
@: about to teleport, studying Invocations, very quick
A: nimble swimmer 2, mertail
a: Renounce Religion, Channel Magic, Forget Spell, Divine Exegesis


You were on level 1 of the Swamp.
You worshipped Sif Muna.
Sif Muna was greatly pleased with you.
You visited 5 branches of the dungeon, and saw 22 of its levels.
You also visited: Bailey.

You collected 2337 gold pieces.
You spent 56 gold pieces at shops.

Inventory:

Hand Weapons
 m - the +7 glaive of Puiqul (weapon) {spect, Dex+3}
   (You found it on level 2 of the Dungeon)

   Dex:       It affects your dexterity (+3).
 E - the +4 hand axe of the Feeding Gods {venom, rCorr}
   (You found it on level 8 of the Dungeon)

   rCorr:     It protects you from acid and corrosion.
Missiles
 p - 11 throwing nets
 I - 7 curare-tipped darts
Armour
 g - a +2 hat (worn)
 N - a +0 robe of willpower (worn)
 R - a +0 pair of gloves (worn)
Jewellery
 c - a ring of positive energy
 h - a +4 ring of protection (left hand)
 l - a ring of see invisible
 r - a ring of resist corrosion
 B - a ring of protection from fire (right hand)
 O - a ring of wizardry
 P - an amulet of regeneration (around neck)
Wands
 s - a wand of iceblast (28)
 t - a wand of flame (49)
 u - a wand of paralysis (12)
 v - a wand of polymorph (5)
 C - a wand of light (10)
 K - a wand of mindburst (22)
Scrolls
 a - 3 scrolls of immolation
 d - a scroll of fear (quivered)
 f - 2 scrolls of teleportation
 i - 6 scrolls of fog
 k - 3 scrolls of enchant armour
 q - 4 scrolls of amnesia
 w - a scroll of blinking
 x - a scroll of magic mapping
 y - 4 scrolls of silence
 D - 2 scrolls of brand weapon
 G - 4 scrolls of butterflies
 L - 2 scrolls of enchant weapon
Potions
 b - a potion of magic
 e - a potion of ambrosia {unknown}
 n - 3 potions of resistance
 o - 6 potions of curing
 z - 3 potions of mutation
 A - 2 potions of berserk rage
 F - 2 potions of invisibility
 H - 2 potions of haste
 J - 3 potions of lignification
 M - 4 potions of brilliance
 Q - a potion of flight {unknown}
 T - a potion of might
Miscellaneous
 S - a phantom mirror


   Skills:
 + Level 15.3 Fighting
 - Level 4.0 Dodging
 - Level 2.1 Stealth
 - Level 10.0 Spellcasting
 + Level 5.3 Conjurations
 + Level 18.5 Ice Magic
 + Level 13.5 Invocations


You had 15 spell levels left.
You knew the following spells:

 Your Spells              Type           Power      Damage    Failure   Level
a - Freeze                Ice            100%       1d10      0%          1
b - Frozen Ramparts       Ice            100%       1d16      0%          3
c - Ozocubu's Armour      Ice            71%        N/A       0%          3
d - Freezing Cloud        Conj/Ice/Air   20%        6-21      8%          5
e - Ozocubu's Refrigerat  Ice            35%        4d15      3%          7

Your spell library contained the following spells:

 Spells                   Type           Power      Damage    Failure   Level
 Ensorcelled Hibernation  Hex/Ice        94%        N/A       1%          2
 Summon Ice Beast         Ice/Summ       47%        N/A       1%          4
 Metabolic Englaciation   Hex/Ice        23%        N/A       4%          5
 Summon Small Mammal      Summ           40%        N/A       7%          1
 Dazzling Flash           Conj/Hex       40%        N/A       7%          3
 Stone Arrow              Conj/Erth      40%        3d9       7%          3
 Call Imp                 Summ           20%        N/A       11%         2
 Passwall                 Tmut/Erth      8%         N/A       11%         2
 Scorch                   Fire           20%        2d6       11%         2
 Sublimation of Blood     Necr           10%        N/A       11%         2
 Wereblood                Tmut           10%        N/A       11%         2
 Call Canine Familiar     Summ           10%        N/A       21%         3
 Ignite Poison            Fire/Tmut/Pois 10%        N/A       21%         3
 Inner Flame              Hex/Fire       10%        N/A       21%         3
 Swiftness                Air            10%        N/A       21%         3
 Volatile Blastmotes      Fire/Tloc      20%        2d11      21%         3
 Iskenderun's Battlesphe  Conj           31%        2d8       22%         5
 Flame Wave               Conj/Fire      20%        2d7       24%         4
 Simulacrum               Ice/Necr       23%        N/A       24%         6
 Animate Armour           Summ/Erth      20%        N/A       56%         4
 Agony                    Necr           10%        N/A       88%         5
 Silence                  Hex/Air        5%         N/A       88%         5
 Iron Shot                Conj/Erth      10%        9d3       98%         6
 Plasma Beam              Fire/Air       5%         2x1d17    100%        6
 Malign Gateway           Summ/Tloc      5%         N/A       100%        7
 Spellforged Servitor     Conj/Summ      10%        N/A       100%        7
 Summon Hydra             Summ           5%         N/A       100%        7
 Lehudib's Crystal Spear  Conj/Erth      10%        10d4      100%        8
 Chain Lightning          Conj/Air       10%        3d13      100%        9


Dungeon Overview and Level Annotations

Branches:
Dungeon (13/15)            Temple (1/1) D:6            Lair (5/5) D:9
  Swamp (1/4) Lair:2       Spider (0/4) Lair:3        Slime (0/5) Lair:4
    Orc (2/2) D:11            Elf (0/3) Orc:2        Vaults (0/5) D:13
 Bailey (visited)

Altars:
Ashenzari
Cheibriados
Dithmenos
Elyvilon
Fedhas
Gozag
Hepliaklqana
Kikubaaqudgha
Makhleb
Nemelex Xobeh
Okawaru
Qazlal
Ru
Sif Muna
Trog
Uskayaw
Vehumet
Wu Jian
Xom
Yredelemnul
Zin
The Shining One
Jiyva

Shops:
D:7 [   Orc:2 (*([

Portals:
Trove: D:13 (give 12 scrolls of teleportation)

Annotations:
D:2 1 runed translucent door, Crazy Yiuf
D:10 3 runed translucent doors, safid's ghost, journeyman MfIE
D:13 exclusion: orange crystal statue, Frances; Rupert
Lair:4 2 transporters, 1 runed translucent door, runemage's ghost, journeyman GnFi
Swamp:1 Roxanne


Innate Abilities, Weirdness & Mutations

You are very nimble when in or above water. (Stealth+, EV+, Speed+++)
Your lower body shifts to a powerful aquatic tail in water.


Message History

Unknown command.
Read: 2 scrolls of fear
Press: ? - help, Q - select action, (/) - cycle Dir - look around, f - activate Look: a tyrant leech (chance to affect: 90%)
Okay, then.
Unknown command.
Read: 2 scrolls of fear
Press: ? - help, Q - select action, (/) - cycle Dir - look around, f - activate Look: a tyrant leech (chance to affect: 90%)
As you read the scroll of fear, it crumbles to dust.
You assume a fearsome visage.
The tyrant leech looks frightened!
Your +7 glaive of Puiqul {spect, Dex+3} disappears.
Your icy armour will break if you move.
Continue?
Your icy armour cracks and falls away as you move.
A ghost crab comes into view.
The ghost crab breathes spectral mist at you.
The spectral mist engulfs you but does no damage.
You are engulfed in spectral mist.
* * * LOW HITPOINT WARNING * * *
Unknown command.
As you read the scroll of teleportation, it crumbles to dust.
You feel strangely unstable.
You are engulfed in spectral mist.
* * * LOW HITPOINT WARNING * * *
Unknown command.
Your legs become a tail as you enter the water.
The ghost crab breathes spectral mist at you.
The spectral mist engulfs you but does no damage.
The spectral anaconda attacks as you move away!
The spectral anaconda barely misses you. x2
You are engulfed in spectral mist.
* * * LOW HITPOINT WARNING * * *
The spectral spriggan air mage completely misses you.
Unknown command.
You feel better.
You are engulfed in spectral mist.
* * * LOW HITPOINT WARNING * * *
The spectral anaconda misses you.
The spectral anaconda closely misses you.
The spectral anaconda misses you. The spectral anaconda bites you!
You die...

. ♣♣...~~w.♣♣
♣.♣♣♣..~~~~~~.♣♣ ~
..~.~.~~~~~~~.§♣♣♣~.
♣♣♣..~..~~..~........~ ..♣♣♣
♣♣.$..♣♣..Z.~~..
♣~♣~♣♣~?.~.~♣○°.§☼°○.
.♣~...~~♣♣~..○°°°☼t~~~
.~.§~§..♣~~~°Z○°○Z§~~~
...~~~~...~○@ZZ§..~..~
..~~~§~~♣♣~☼☼☼○~.....§
...~~~.~§♣.☼§~☼○.....~~~~~~
.~~....~~.~~.~~~....~~~~~~~
.~.....♣♣>~~.~~~♣♣~.~~~~... ♣
~....~♣ ♣~~~.~..~.~.~~~~~.♣♣♣
....~. ♣♣~......~♣♣♣........
~.~~~. ♣♣♣~....♣♣♣~~.........
~~~~..♣♣....~~!♣~.....~~~~~..


You could see a ghost crab, a spectral anaconda (summoned), a spectral spriggan
berserker (summoned) and 3 spectral spriggan air magi.

Vanquished Creatures
  An orc warlord (Orc:1)
  A dire elephant (Lair:5)
  A fire dragon (Lair:5)
  Josephine (D:10)
  Harold (D:10)
  4 hydras
  A catoblepas (Lair:5)
  A centaur warrior (D:13)
  3 boulder beetles
  A two-headed ogre (D:10)
  3 alligators
  12 death yaks
  2 orc high priests
  A fire crab (Lair:3)
  A skyshark (Lair:4)
  Lodul (D:10)
  An orb spider (Lair:3)
  A swamp dragon (Lair:5)
  A bog body (Lair:2)
  2 orc knights
  A cyclops (D:12)
  An ugly thing (D:11)
  3 manticores
  A salamander (Lair:3)
  2 will-o-the-wisps (Swamp:1)
  7 black mambas
  18 elephants
  Joseph (D:10)
  9 cane toads
  A gargoyle (D:12)
  3 rime drakes (Lair:5)
  A torpor snail (Lair:3)
  A kobold demonologist (Bailey)
  6 komodo dragons
  7 trolls
  Grinder (D:3)
  2 polar bears
  11 dream sheep
  2 blink frogs (Lair:5)
  12 wraiths
  2 shadows
  56 yaks
  9 wyverns
  11 steam dragons
  2 fire bats (Lair:3)
  Grum (Lair:1)
  9 basilisks
  3 vampire mosquitoes (Swamp:1)
  Menkaure (D:6)
  A swamp worm (Swamp:1)
  2 wargs
  3 acid dragons
  Duvessa (D:7)
  3 swamp drakes (Lair:5)
  15 water moccasins
  46 orc warriors
  A sky beast (D:7)
  A black bear (Lair:3)
  An ice beast (D:7)
  17 centaurs
  11 ogres
  A phantom (D:7)
  28 wolves
  6 kobold brigands
  17 bullfrogs
  3 scorpions
  8 wights
  Dowan (D:7)
  16 killer bees
  5 electric eels
  10 howler monkeys
  A quasit (D:7)
  6 hounds
  2 gnoll boudas (D:5)
  2 jellies
  7 orc priests
  An iron imp (D:9)
  Jessica (D:3)
  9 iguanas
  Natasha (thrice) (D:3)
  20 orc wizards
  5 hell rats (Lair:5)
  3 sleepcaps (D:6)
  7 adders
  28 gnolls
  3 shadow imps
  4 white imps
  3 ufetubi
  A worm (D:2)
  4 dart slugs
  70 orcs
  3 ball pythons
  7 endoplasms
  3 giant cockroaches
  12 goblins
  10 hobgoblins
  4 jackals (D:2)
  3 quokkas
  6 bats
  4 frilled lizards
  18 kobolds
  3 rats (D:1)
674 creatures vanquished.

Vanquished Creatures (others)
  A wight (D:7)
  An orc wizard (D:9)
  4 foxfires (Swamp:1)
  10 spectral weapons
16 creatures vanquished.

Grand Total: 690 creatures vanquished

Notes
Turn   | Place    | Note
-------+----------+-------------------------------------------
     0 | D:1      | safid the Merfolk Ice Elementalist began the quest for the
                  | Orb.
     0 | D:1      | Reached XP level 1. HP: 13/13 MP: 3/3
   279 | D:1      | Reached XP level 2. HP: 20/20 MP: 3/5
   416 | D:1      | Reached skill level 1 in Fighting
   666 | D:1      | Reached XP level 3. HP: 26/26 MP: 6/6
   828 | D:2      | Identified the +7 glaive of Puiqul {spect, Dex+3}
   904 | D:2      | Found a runed translucent door.
   905 | D:2      | Noticed Crazy Yiuf
  1141 | D:2      | Reached skill level 5 in Ice Magic
  1194 | D:2      | Reached XP level 4. HP: 33/33 MP: 8/8
  1343 | D:3      | Noticed Natasha
  1345 | D:3      | Killed Natasha
  1429 | D:3      | Noticed Natasha
  1437 | D:3      | Killed Natasha
  1551 | D:3      | Reached XP level 5. HP: 39/39 MP: 9/9
  1619 | D:3      | Learned a level 3 spell: Frozen Ramparts
  1623 | D:3      | Learned a level 3 spell: Ozocubu's Armour
  1666 | D:3      | Noticed Jessica
  1671 | D:3      | Killed Jessica
  1861 | D:3      | Noticed Grinder
  1864 | D:3      | Killed Grinder
  1865 | D:3      | Reached skill level 6 in Ice Magic
  1865 | D:3      | Reached XP level 6. HP: 48/48 MP: 10/12
  1921 | D:3      | Found a bloodstained altar of Trog.
  1958 | D:3      | Noticed Natasha
  1962 | D:3      | Killed Natasha
  2390 | D:4      | Found a stormy altar of Qazlal.
  2468 | D:4      | Reached XP level 7. HP: 49/54 MP: 6/13
  3206 | D:5      | Entered Level 5 of the Dungeon
  3434 | D:5      | Reached skill level 5 in Fighting
  3615 | D:5      | Reached skill level 7 in Ice Magic
  3781 | D:5      | Reached XP level 8. HP: 62/62 MP: 15/15
  3828 | D:5      | Reached skill level 5 in Spellcasting
  4426 | D:6      | Found a staircase to the Ecumenical Temple.
  4437 | Temple   | Entered the Ecumenical Temple
  4854 | D:6      | Identified the +3 sling of the Old World {flame, Str+3}
  5071 | D:6      | Reached skill level 8 in Ice Magic
  5164 | D:6      | Noticed Menkaure
  5173 | D:6      | Killed Menkaure
  5260 | D:7      | Noticed a wyvern
  5307 | D:6      | Reached XP level 9. HP: 47/71 MP: 16/18
  5595 | D:7      | Noticed Duvessa
  5597 | D:7      | Noticed Dowan
  5608 | D:7      | Killed Duvessa
  5633 | D:7      | Killed Dowan
  5856 | D:7      | Reached skill level 9 in Ice Magic
  6206 | D:7      | Found Riydez's Antique Armour Emporium.
  6249 | D:7      | Reached XP level 10. HP: 57/82 MP: 15/21
  6351 | D:7      | Found a sparkling altar of Nemelex Xobeh.
  6376 | D:7      | Found a glowing silver altar of Zin.
  6463 | D:7      | Reached skill level 10 in Ice Magic
  6817 | D:8      | Found a flagged portal.
  6822 | D:8      | Identified the +4 hand axe of the Feeding Gods {venom,
                  | rCorr}
  6910 | Bailey   | Entered a bailey
  7068 | Bailey   | Noticed a kobold demonologist
  7076 | Bailey   | Killed a kobold demonologist
  7309 | Bailey   | Found an iron altar of Okawaru.
  7310 | Bailey   | Noticed an orc high priest
  7319 | Bailey   | Noticed a rust devil
  7319 | Bailey   | Killed an orc high priest
  7566 | Bailey   | Reached skill level 11 in Ice Magic
  7692 | Bailey   | Got Futamig's Papyrus of Arcane Combat
  7869 | D:8      | Reached skill level 10 in Fighting
  7945 | D:8      | Found a white marble altar of Elyvilon.
  7949 | D:8      | Found a glowing golden altar of the Shining One.
  8312 | D:8      | Reached XP level 11. HP: 87/90 MP: 23/23
  9132 | D:9      | Noticed a two-headed hydra
  9139 | D:9      | Killed a two-headed hydra
  9140 | D:9      | Reached skill level 12 in Ice Magic
  9733 | D:9      | Found a staircase to the Lair.
  9879 | D:9      | Found a snail-covered altar of Cheibriados.
 10021 | Temple   | Became a worshipper of Sif Muna the Loreminder
 10110 | D:10     | Entered Level 10 of the Dungeon
 10110 | D:10     | Noticed Josephine
 10117 | D:10     | Killed Josephine
 10118 | D:10     | Reached skill level 10 in Spellcasting
 10362 | D:10     | Noticed an ice dragon
 10367 | D:10     | Reached XP level 12. HP: 93/102 MP: 26/26
 10394 | D:10     | Found a runed translucent door.
 10394 | D:10     | Noticed an ice dragon
 10394 | D:10     | Noticed a fire dragon
 10394 | D:10     | Found the +2 shield of Resistance {rF++ rC++ Will++}
 10395 | D:10     | Found a runed translucent door.
 10395 | D:10     | Noticed a fire dragon
 10446 | D:10     | Noticed Lodul
 10474 | D:10     | Reached skill level 13 in Ice Magic
 10502 | D:10     | Found a broken altar of Ashenzari.
 10533 | D:10     | Noticed Joseph
 10540 | D:10     | Killed Joseph
 10570 | D:10     | Found a hide-covered altar of Uskayaw.
 10645 | D:10     | Noticed a two-headed ogre
 10665 | D:10     | Killed a two-headed ogre
 10728 | D:10     | Killed Lodul
 10729 | D:10     | Reached * piety under Sif Muna
 10889 | D:10     | Found a radiant altar of Vehumet.
 11227 | D:10     | Noticed Harold
 11237 | D:10     | Killed Harold
 11238 | D:10     | Reached skill level 14 in Ice Magic
 11454 | D:10     | Found a runed translucent door.
 11456 | D:10     | Noticed safid's ghost (journeyman MfIE)
 11664 | Lair:1   | Entered Level 1 of the Lair of Beasts
 12029 | Lair:1   | Reached skill level 15 in Ice Magic
 12145 | Lair:1   | Reached skill level 1 in Invocations
 12220 | Lair:1   | Noticed a boulder beetle
 12237 | Lair:1   | Killed a boulder beetle
 12550 | Lair:1   | Noticed Grum
 12559 | Lair:1   | Killed Grum
 13093 | Lair:2   | Reached ** piety under Sif Muna
 13094 | Lair:2   | Noticed a six-headed hydra
 13165 | Lair:2   | Noticed a death yak
 13174 | Lair:2   | Reached skill level 5 in Invocations
 13180 | Lair:2   | Reached XP level 13. HP: 79/108 MP: 20/27
 13192 | Lair:2   | Reached skill level 16 in Ice Magic
 13829 | Lair:2   | Found a staircase to the Swamp.
 15330 | Lair:3   | Reached *** piety under Sif Muna
 16280 | Lair:3   | Found a hole to the Spider Nest.
 17141 | Lair:4   | Reached XP level 14. HP: 118/118 MP: 23/28
 17147 | Lair:4   | Reached skill level 17 in Ice Magic
 17323 | Lair:4   | Reached **** piety under Sif Muna
 17404 | Lair:4   | Found a transporter.
 17685 | Lair:4   | Found a runed translucent door.
 17686 | Lair:4   | Noticed runemage's ghost (journeyman GnFi)
 17726 | Lair:4   | Found a viscous altar of Jiyva.
 17726 | Lair:4   | Found a staircase to the Slime Pits.
 17843 | Lair:4   | Found a transporter.
 18020 | Lair:4   | Reached skill level 10 in Invocations
 18327 | Lair:4   | Learned a level 5 spell: Freezing Cloud
 18733 | Lair:5   | Entered Level 5 of the Lair of Beasts
 18743 | Lair:5   | Reached skill level 1 in Conjurations
 20129 | Lair:5   | Noticed a dire elephant
 20259 | Lair:5   | Reached ***** piety under Sif Muna
 20762 | Lair:5   | Received a gift from Sif Muna
 21227 | Lair:5   | Killed a dire elephant
 21504 | Lair:5   | Reached skill level 18 in Ice Magic
 21797 | D:11     | Reached XP level 15. HP: 115/127 MP: 23/29
 22641 | D:11     | Found a staircase to the Orcish Mines.
 23240 | D:12     | Identified a scroll of acquirement
 23878 | D:13     | Found a gate to the Vaults.
 24264 | D:13     | Noticed Rupert
 24292 | D:13     | Reached skill level 15 in Fighting
 24336 | D:13     | Found a portal to a secret trove of treasure.
 24416 | Orc:1    | Entered Level 1 of the Orcish Mines
 24419 | D:11     | Acquired the Notes on the Boggart and Rime
 24429 | D:11     | Learned a level 7 spell: Ozocubu's Refrigeration
 24798 | Orc:1    | Noticed an orc warlord
 24947 | Orc:1    | Killed an orc warlord
 25143 | Orc:2    | Entered Level 2 of the Orcish Mines
 25200 | Orc:2    | Received a gift from Sif Muna
 25296 | Orc:2    | Got Sif Muna's Catalogue of Volatile Assembling {god gift}
 25303 | Orc:2    | Found a staircase to the Elven Halls.
 25593 | Orc:2    | Reached skill level 5 in Conjurations
 26085 | Orc:2    | Found Xucza Paihe's Antique Weapon Shop.
 26085 | Orc:2    | Found Goasasog's General Store.
 26085 | Orc:2    | Found Sonaos's Antique Weapon Shoppe.
 26088 | Orc:2    | Found Fuosaros's Armour Boutique.
 26477 | Orc:2    | Bought a potion of might for 56 gold pieces
 26679 | D:13     | Noticed Frances
 26707 | D:13     | HP: 3/129 [Frances/shard of ice (31)]
 27043 | Swamp:1  | Entered Level 1 of the Swamp
 27215 | Swamp:1  | Identified Roxanne's Directory of Clay
 27215 | Swamp:1  | Noticed Roxanne
 27320 | Swamp:1  | HP: 6/129 [ghost crab] (5)]
 27321 | Swamp:1  | HP: 1/129 [ghost crab] (12)]
 27321 | Swamp:1  | Mangled by a spectral anaconda

Illustrated notes

Levels and vault maps discovered:
D:1:      dpeg_arrival_central, layout_rooms, chequers_avenue
D:2:      layout_rooms, uniq_crazy_yiuf_cottage
D:3:      layout_loops_corners, old_standard_altar, uniq_jessica, uniq_grinder,
          uniq_natasha
D:4:      layout_basic, kennysheep_little_box, nicolae_figureground_sparkle
D:5:      layout_gridville
D:6:      layout_gridville, minmay_temple_entry_tees, uniq_menkaure
D:7:      minmay_s_stair_smasher, layout_loops_ring,
          mainiacjoe_overflow_two_lobes, serial_shops,
          nicolae_shop_advertising_works [nicolae_subvault_shop_adworks],
          serial_demonic, serial_demonic_b, serial_demonic_f, serial_demonic_b,
          serial_demonic_e, uniq_duvessa
D:8:      layout_gridville, grunt_temple_overflow_open, enter_bailey_2
D:9:      layout_gridville, chei_slow_surprise, erik_lair_dragon,
          hangedman_ranch
D:10:     layout_long_grid, lemuel_tele_altar, nicolae_vehumet_radiance,
          mainiacjoe_overflow_concentric_impassable, ebering_ghost_inner_flame,
          minmay_guarded_unrand_resistance, uniq_josephine, uniq_joseph,
          uniq_harold, uniq_lodul
D:11:     layout_loops_cross, david_orc_2, serial_co_window_serial,
          co_window_of_opportunity_a, co_window_of_opportunity_a,
          co_window_paths_a, co_window_paths_b, co_window_paths_b,
          co_window_of_opportunity_a, co_window_paths_b, co_window_paths_b,
          co_window_of_opportunity_a, co_window_corner_cb, co_window_cross_4,
          co_window_2corner, co_window_unsneaky_path_a, co_window_corner_b,
          glass_columns_a
D:12:     layout_loops_ring
D:13:     layout_layer_cave, enter_trove_2, minmay_more_statues, uniq_rupert,
          uniq_frances, uniq_kirke
Temple:   hellmonk_temple_flake
Lair:1:   layout_regular_city, beast_lair_carwin_3, infiniplex_staircase_pool_2,
          uniq_grum
Lair:2:   layout_misc_corridors, skrybe_swamp_entry_bodies
Lair:3:   layout_gridlike, nicolae_spider_entry_orb_guardian,
          nicolae_lair_lakeside_cave
Lair:4:   gammafunk_worm_tunnel, layout_cave_pods, dpeg_slime_entry_enclosed,
          gammafunk_ghost_grave, chequers_serial_rivers_room_a
Lair:5:   guppyfry_lair_end_dragon, layout_cave_pods, hangedman_lair_in_review,
          serial_bayou_shore_b, grunt_megastairs_2
Swamp:1:  layout_basic_swamp, evilmike_swamp_ruin_rubble_1, uniq_roxanne
Orc:1:    layout_caves
Orc:2:    st_orc_rangers, layout_caves, basic_altar

Skill      XL: |  1  2  3  4  5  6  7  8  9 10 11 12 13 14 15 |
---------------+----------------------------------------------+-----
Fighting       | 1 2 3 4 5 6 8 10 12 13 14 15 | 15.3
Ice Magic      | 5 6 7 8 9 11 12 15 16 18 | 18.5
Spellcasting   | 3 4 6 7 8 10 | 10.0
Dodging        | 4 |  4.0
Invocations    | 5 9 12 13 | 13.5
Conjurations   | 3 5 |  5.3
Stealth        | |  2.1

Action                     |  1- 3 |  4- 6 |  7- 9 | 10-12 | 13-15 || total
---------------------------+-------+-------+-------+-------+-------++-------
  Melee: Short sword       |    33 |       |       |       |       ||    33
         Unarmed           |     1 |       |       |       |       ||     1
         Glaive            |    24 |    36 |   117 |   237 |   428 ||   842
         Tailslap          |       |       |       |     1 |     6 ||     7
   Cast: Freeze            |     8 |       |       |    19 |    70 ||    97
         Frozen Ramparts   |       |     1 |    23 |    56 |   119 ||   199
         Ozocubu's Armour  |       |     1 |    15 |    43 |    97 ||   156
         Freezing Cloud    |       |       |       |       |    15 ||    15
         Ozocubu's Refrige |       |       |       |       |    35 ||    35
 Invoke: Channel Magic     |       |       |       |       |     1 ||     1
  Evoke: Phantom mirror    |       |       |       |       |     1 ||     1
         Wand              |       |       |       |       |     1 ||     1
    Use: Scroll            |       |       |     8 |     8 |    21 ||    37
         Potion            |       |       |       |       |    11 ||    11
   Stab: Sleeping          |    11 |     9 |     3 |     5 |     1 ||    29
         Distracted        |       |       |     3 |     1 |     1 ||     5
 Armour: Robe              |     8 |     3 |    50 |   117 |   270 ||   448
  Dodge: Dodged            |    19 |     9 |    91 |   162 |   467 ||   748
  Block: Other             |     4 |     4 |    28 |    60 |    31 ||   127
         Reflection        |     1 |       |     1 |     4 |       ||     6
